 Dungeon Crawl Stone Soup version 0.18.1-48-g4cf74bf (webtiles) character file.

469 Alarkh the Shooter (level 6, -1/44 HPs)
             Began as a Mummy Hunter on Aug 14, 2016.
             Was a Believer of Okawaru.
             Killed from afar by an orc wizard (12 damage)
             ... with a puff of flame
             ... on level 4 of the Dungeon.
             The game lasted 00:04:57 (2914 turns).

Alarkh the Shooter (Mummy Hunter)                   Turns: 2914, Time: 00:04:58

Health: -1/44      AC:  6    Str: 19    XL:     6   Next: 82%
Magic:  6/6        EV: 11    Int: 13    God:    Okawaru [**....]
Gold:   179        SH:  0    Dex: 12    Spells: 0 memorised, 5 levels left

rFire  x . .     SeeInvis .     a - +1 shortbow
rCold  + . .     Gourm    .     c - +0 leather armour
rNeg   + + +     Faith    .     (shield currently unavailable)
rPois  ∞         Spirit   .     (no helmet)
rElec  .         Dismiss  .     (no cloak)
rCorr  .         Reflect  .     k - +1 pair of gloves
SustAt .         Harm     .     q - +0 pair of boots (curse)
MR     +....                    (no amulet)
Stlth  +.........               p - ring of protection from magic
                                i - +4 ring of strength

@: somewhat resistant to hostile enchantments, very unstealthy
A: no food or potions, fire vulnerability, cold resistance 1, negative energy
resistance 3, torment resistance, unbreathing
a: Heroism, Renounce Religion


You were on level 4 of the Dungeon.
You worshipped Okawaru.
Okawaru was pleased with you.
You were not hungry.

You visited 1 branch of the dungeon, and saw 4 of its levels.

You collected 179 gold pieces.

Inventory:

Hand Weapons
 a - a +1 shortbow (weapon)
 b - a +0 short sword
Missiles
 d - 6 arrows (quivered)
 j - 2 throwing nets
Armour
 c - a +0 leather armour (worn)
 k - a +1 pair of gloves (worn)
 q - a cursed +0 pair of boots (worn)
Jewellery
 i - a +4 ring of strength (left hand)
 p - a ring of protection from magic (right hand)
Wands
 n - a wand of digging (1/24)
Scrolls
 e - 2 scrolls of remove curse
 f - 2 scrolls of magic mapping {unknown}
 g - 2 scrolls of fear {unknown}
 h - a scroll of enchant armour {unknown}
 l - 2 scrolls of enchant weapon {unknown}
 o - 2 scrolls of identify {unknown}
Books
 m - a book of Power

   Spells                             Type                      Level
   a - Fulminant Prism                Conjuration/Hexes            4
   b - Iskenderun's Mystic Blast      Conjuration                  4
   c - Venom Bolt                     Conjuration/Poison           5
   d - Bolt of Magma                  Conjuration/Fire/Earth       5
   e - Iron Shot                      Conjuration/Earth            6
   f - Orb of Destruction             Conjuration                  7
   g - Spellforged Servitor           Conjuration/Summoning        7


   Skills:
 - Level 2.0 Fighting
 + Level 6.9 Bows
 - Level 1.5 Dodging
 - Level 0.7 Stealth


You had 5 spell levels left.
You didn't know any spells.

Dungeon Overview and Level Annotations

Branches:
Dungeon (4/15)
 Temple: D:4-7

Altars:
Elyvilon
Okawaru
Pakellas
Qazlal
Sif Muna


Innate Abilities, Weirdness & Mutations

You do not eat or drink.
Your flesh is vulnerable to fire.
You are immune to poison.
Your flesh is cold resistant.
You are immune to negative energy.
You are immune to unholy pain and torment.
You can survive without breathing.


Message History

The arrow hits the orc but does no damage.
The orc wizard gestures at you while chanting.
The puff of flame hits you! The fire burns you terribly!
You are too injured to fight recklessly!
You are too injured to fight recklessly!
You are too injured to fight recklessly!
The orc wizard points at you and mumbles some strange words.
The puff of flame hits the orc.
The orc dies!
The orc wizard casts a spell at you. The puff of frost hits you! You resist.
The orc wizard gestures wildly while chanting.
The orc wizard flickers and vanishes!
Deactivating autopickup; reactivate with Ctrl-A.
A puff of flame appears from out of thin air!
The puff of flame hits you! The fire burns you terribly!
* * * LOW HITPOINT WARNING * * *
A puff of flame appears from out of thin air!
The puff of flame hits you! The fire burns you terribly!
You die...

#########
.(o(o(o(#
#[#
#o#########
#......@..#
#########.#
## #.# .#
#.# .##.#
#.# .##.#
#.# .##.#
#.# .##.#
#.# .##.#
#.#


You could see an orc.

Vanquished Creatures
  2 phantoms (D:4)
  A scorpion (D:4)
  A howler monkey (D:4)
  Ijyb (D:3)
  An iguana (D:4)
  A worker ant (D:4)
  A worker ant zombie (D:4)
  5 adders
  An ooze (D:4)
  2 worms
  A dart slug (D:1)
  2 giant geckos
  2 orcs (D:3)
  5 giant cockroaches
  6 goblins
  9 hobgoblins
  2 jackals (D:3)
  4 ball pythons
  10 bats
  6 giant newts
  7 kobolds
  6 rats
76 creatures vanquished.

Vanquished Creatures (others)
  An orc (D:4)
1 creature vanquished.

Grand Total: 77 creatures vanquished

Notes
Turn   | Place    | Note
--------------------------------------------------------------
     0 | D:1      | Alarkh the Mummy Hunter began the quest for the Orb.
     0 | D:1      | Reached XP level 1. HP: 16/16 MP: 1/1
   229 | D:1      | Reached XP level 2. HP: 22/22 MP: 2/2
   785 | D:2      | Reached skill level 4 in Bows
   795 | D:2      | Found an iron altar of Okawaru.
   811 | D:2      | Became a worshipper of Warmaster Okawaru
   988 | D:2      | Reached XP level 3. HP: 27/27 MP: 3/3
  1048 | D:2      | Found a stormy altar of Qazlal.
  1108 | D:2      | Found a deep blue altar of Sif Muna.
  1577 | D:2      | Reached XP level 4. HP: 33/33 MP: 4/4
  1606 | D:2      | Found an oddly glowing altar of Pakellas.
  1849 | D:3      | Reached skill level 5 in Bows
  2060 | D:3      | Noticed Ijyb
  2128 | D:3      | Killed Ijyb
  2128 | D:3      | Reached * piety under Okawaru
  2128 | D:3      | Reached XP level 5. HP: 20/38 MP: 5/5
  2387 | D:3      | Found a white marble altar of Elyvilon.
  2497 | D:4      | Noticed a phantom
  2527 | D:4      | Killed a phantom
  2527 | D:4      | Reached skill level 6 in Bows
  2527 | D:4      | Reached XP level 6. HP: 17/44 MP: 6/6
  2867 | D:4      | Reached ** piety under Okawaru
  2914 | D:4      | Killed from afar by an orc wizard

Skill      XL: |  1  2  3  4  5 |
---------------+----------------+-----
Bows           | 4 5 6 |  6.9
Fighting       | |  2.0
Dodging        | |  1.5
Stealth        | |  0.7

Action                   |  1- 3 |  4- 6 || total
-------------------------+-------+-------++-------
Melee: Short sword       |    31 |    12 ||    43
 Fire: Shortbow          |    79 |   169 ||   248
  Use: Scroll            |     1 |       ||     1
Armor: Leather armour    |    27 |    32 ||    59
Dodge: Dodged            |    66 |    51 ||   117
